 Dungeon Crawl Stone Soup version 0.19-a0-32-gbfd796a (webtiles) character file.

175371 seren the Lord of Darkness (level 17, -13/131 HPs)
             Began as a Vampire Necromancer on Apr 22, 2016.
             Was the Champion of Kikubaaqudgha.
             Mangled by a wolf spider (20 damage)
             ... on level 2 of the Spider Nest on May 2, 2016.
             The game lasted 09:09:12 (56831 turns).

seren the Lord of Darkness (Vampire Necromancer)   Turns: 56831, Time: 09:09:13

Health: -13/131    AC: 11    Str:  7      XL:     17   Next: 21%
Magic:  18/31      EV: 29    Int: 22 (24) God:    Kikubaaqudgha [******]
Gold:   1274       SH:  7    Dex: 28      Spells: 8 memorised, 8 levels left

rFire  + . .     SeeInvis +     d - +7 dagger (pain)
rCold  + + .     Gourm    .     N - +2 robe of Fallacy {rF+ Regen+}
rNeg   + + +     Faith    .     P - +0 buckler
rPois  ∞         Spirit   .     b - +1 helmet
rElec  +         Dismiss  .     t - +0 cloak {MR+}
rCorr  .         Reflect  .     w - +1 pair of gloves {Dex+3}
SustAt .         Harm     .     p - +0 pair of boots
MR     +++..                    (no amulet)
Stlth  +++++++++.               B - ring of Guba {rElec rPois MR+ Dex+5 Stlth+}
                                C - +5 ring of dexterity

@: bloodless, non-regenerating, extremely resistant to hostile enchantments,
incredibly stealthy
A: fangs 3, see invisible, unbreathing
a: Bat Form, Receive Corpses, Torment, Renounce Religion
}: 1/15 runes: decaying


You were on level 2 of the Spider Nest.
You worshipped Kikubaaqudgha.
Kikubaaqudgha was exalted by your worship.
You were bloodless.

You visited 6 branches of the dungeon, and saw 32 of its levels.
You also visited: Ice Cave.

You collected 3054 gold pieces.
You spent 1780 gold pieces at shops.

Inventory:

Hand Weapons
 d - a +7 dagger of pain (weapon)
 s - a +2 long sword of slicing
 z - a +2 dagger of draining
 F - a +4 scimitar of flaming
Missiles
 G - 56 tomahawks (quivered)
Armour
 b - a +1 helmet (worn)
 k - a mottled dragon hide
 p - a +0 pair of boots (worn)
 t - a +0 cloak of magic resistance (worn)
 w - a +1 pair of gloves of dexterity (worn)
 N - the +2 robe of Fallacy (worn) {rF+ Regen+}
   (You bought it in a shop on level 8 of the Dungeon)

   It protects you from fire.
   It increases your rate of regeneration.
 P - a +0 buckler (worn)
Magical Staves
 I - an uncursed staff of death
Rods
 l - a -1 rod of inaccuracy (10/10)
   (You found it on level 1 of the Spider Nest)
Jewellery
 o - the ring of Jeyddih {Ice rElec MP+9 Str-4 Stlth+}
   (You found it on level 8 of the Lair of Beasts)

   [ring of ice]

   It enhances your ice magic, and weakens your fire magic.
   It affects your strength (-4).
   It makes you vulnerable to fire.
   It protects you from cold.
   It insulates you from electricity.
   It affects your magic capacity (+9).
   It makes you more stealthy.
 y - an uncursed ring of magical power
 B - the ring of Guba (right hand) {rElec rPois MR+ Dex+5 Stlth+}
   (You bought it in a shop on level 4 of the Dungeon)

   [ring of stealth]

   It affects your dexterity (+5).
   It insulates you from electricity.
   It protects you from poison.
   It affects your resistance to hostile enchantments.
   It makes you more stealthy.
 C - a +5 ring of dexterity (left hand)
 M - an uncursed ring of protection from fire
 S - an uncursed ring of protection from cold
Wands
 e - a wand of confusion (29/48)
 m - a wand of enslavement (17/24)
 n - a wand of digging (15/24)
 J - a wand of disintegration (22/24)
 W - a wand of teleportation (7/9)
 Y - a wand of lightning (6/15)
Scrolls
 g - 5 scrolls of recharging
 h - 12 scrolls of remove curse
 j - 11 scrolls of identify
 r - a scroll of blinking
 v - a scroll of silence
 A - 7 scrolls of teleportation
 R - a scroll of summoning
 U - 4 scrolls of fog
 V - a scroll of magic mapping
Potions
 a - 3 potions of invisibility
 c - 4 potions of blood
 f - 3 potions of cancellation
 i - 11 potions of curing
 u - 3 potions of resistance
 x - 3 potions of agility
 E - 2 potions of brilliance
 H - a potion of haste
 K - a potion of heal wounds
Books
 q - a book of Spatial Translocations

   Spells                             Type                      Level
   a - Apportation                    Translocation                1
   b - Blink                          Translocation                2
   c - Shroud of Golubria             Charms/Translocation         2
   d - Portal Projectile              Translocation                3
   e - Teleport Other                 Translocation                3
   f - Passage of Golubria            Translocation                4
 O - Kikubaaqudgha's Tome of Sinister Rites
   (Kikubaaqudgha gifted it to you on level 1 of the Lair of Beasts)

   Spells                             Type                      Level
   a - Animate Dead                   Necromancy                   4
   b - Bolt of Draining               Conjuration/Necromancy       5
   c - Agony                          Necromancy                   5
   d - Cigotuvi's Embrace             Necromancy                   5
   e - Dispel Undead                  Necromancy                   5
Miscellaneous
 L - a sack of spiders
 Z - a disc of storms


   Skills:
 + Level 11.4 Fighting
 - Level 10.0(11.4) Short Blades
 + Level 8.6(10.3) Long Blades
 - Level 6.0 Armour
 + Level 14.2 Dodging
 + Level 12.6 Stealth
 - Level 4.1 Shields
 - Level 10.5 Spellcasting
 - Level 2.6 Conjurations
 - Level 4.0 Charms
 + Level 16.5 Necromancy
 - Level 1.3 Translocations
 - Level 4.0 Evocations


You had 8 spell levels left.
You knew the following spells:

 Your Spells              Type           Power        Failure   Level  Hunger
a - Agony                 Necr           ######..     1%          5    ####...
b - Bolt of Draining      Conj/Necr      ######....   3%          5    ####...
c - Control Undead        Necr           ######....   1%          4    #......
d - Animate Dead          Necr           N/A          1%          4    #......
l - Blink                 Tloc           N/A          8%          2    None
p - Pain                  Necr           ####         0%          1    None
r - Regeneration          Chrm/Necr      ######....   1%          3    None
u - Dispel Undead         Necr           ######..     1%          5    ####...


Dungeon Overview and Level Annotations

Branches:
Dungeon (15/15)            Temple (1/1) D:4            Lair (8/8) D:8
  Swamp (4/4) Lair:6       Spider (2/4) Lair:4        Slime (0/6) Lair:6
    Orc (2/2) D:12            Elf (0/3) Orc:2        Vaults (0/5) D:14
 Depths (0/5) D:15

Altars:
Ashenzari
Cheibriados
Dithmenos
Elyvilon
Fedhas
Gozag
Kikubaaqudgha
Makhleb
Nemelex Xobeh
Okawaru
Pakellas
Qazlal
Ru
Sif Muna
Trog
Vehumet
Xom
Yredelemnul
Zin
The Shining One
Beogh

Shops:
D:4 *   D:8 [   D:14 *   D:15 ?   Orc:1 :   Orc:2 [}([

Annotations:
D:7 exclusions: downstairs and upstairs
D:8 komodo
D:14 exclusion: ice statue
Lair:2 8 head hydra + 7
Lair:8 dire elephant
Spider:2 Norris
Orc:1 orc warlord


Innate Abilities, Weirdness & Mutations

You do not heal naturally.
You are immune to poison.
You have razor-sharp teeth.
You have supernaturally acute eyesight.
You can survive without breathing.


Message History

Something smites you!
* * * LOW HITPOINT WARNING * * *
Your redback zombie closely misses the redback.
You feel yourself speed up. The wolf spider misses you.
The wolf spider completely misses you.
Your boulder beetle zombie bites the jumping spider!
Norris mumbles some strange prayers to his god against you.
You feel dopey. Something feeds on your intellect!
The jumping spider pounces on your boulder beetle zombie but does no damage.
The jumping spider bites your boulder beetle zombie but does no damage.
The wolf spider hits you!!
* * * LOW HITPOINT WARNING * * *
The wolf spider completely misses you.
Read which item? (? for menu, Esc to quit)
As you read the scroll of summoning, it crumbles to dust.
Wisps of shadow whirl around you...
The jumping spider leaps!
The wolf spider hits you!!
You die...
Kikubaaqudgha rasps: "You have failed me!
Welcome... oblivion!"

## #.# ##... #...
....##..... ##..##
#....#.... ##ys..##
#^.......## #......##
#........#####@....#
..........#..#ss..##
.......s.#...s.s###
#####...sZ.w..@.s..#
#......Z...§......#####
###.......###.Z.........#.
#^........#^...............
##<.......##.#............s
#..........###..^.†....^..s


You could see Norris (invisible), a wolf spider, a tarantella, a redback, a
friendly emperor scorpion (wandering), a friendly ghost moth (wandering), 2
friendly jumping spiders and a friendly boulder beetle zombie.

Vanquished Creatures
  Kirke (Swamp:3)
  Donald (Orc:2)
  A frost giant (IceCv)
  2 orc warlords
  A very ugly thing (Swamp:4)
  The ghost of barb4r1an the Summoner, a journeyman DsGl of Okawaru (D:12)
  3 vault guards
  A catoblepas (D:13)
  A death knight (D:12)
  A centaur warrior (D:14)
  21 hydras
  10 alligators
  A deep troll shaman (Lair:8)
  3 tengu warriors
  4 death yaks
  The ghost of epen the Covert, a novice OpMo of Cheibriados (D:9)
  3 orc high priests
  Nergalle (Orc:1)
  2 wizards (D:11)
  A skeletal warrior (D:12)
  An unseen horror (D:13)
  6 swamp dragons
  A spriggan druid (Swamp:1)
  4 hill giants
  Pikel (D:6)
  4 orc knights (Orc:2)
  6 orb spiders (Spider:1)
  3 orc sorcerers (Orc:2)
  6 wolf spiders (Spider:1)
  4 deep elf magi
  3 cyclopes
  3 manticores
  14 ugly things
  A hornet (Swamp:3)
  6 elephants
  19 slime creatures
  5 griffons
  4 black mambas
  A gargoyle (D:11)
  3 ice statues
  A torpor snail (Spider:1)
  14 spiny frogs
  13 komodo dragons
  A freezing wraith (D:12)
  A yaktaur (D:15)
  2 rime drakes
  A demonic crawler (Spider:1)
  A tengu conjurer (D:12)
  13 polar bears
  7 trolls
  4 jumping spiders
  4 giant leeches
  2 two-headed ogres
  8 blink frogs
  6 bog bodies
  2 boulder beetles
  13 redbacks
  4 spriggans
  3 tarantellas (Spider:1)
  45 yaks
  A wraith (D:15)
  A shadow (Swamp:1)
  2 wyverns
  5 basilisks
  A hog (Swamp:3)
  10 hippogriffs
  2 hungry ghosts
  12 vampire mosquitoes
  2 wargs
  13 swamp worms
  A mottled dragon (D:13)
  11 insubstantial wisps
  10 water moccasins
  11 porcupines
  8 swamp drakes
  2 black bears
  A necrophage (D:7)
  4 slaves (D:6)
  3 sky beasts
  5 wasps
  36 orc warriors
  13 ogres
  6 phantoms
  19 ice beasts
  19 wolves
  4 centaurs
  15 crocodiles
  14 giant frogs
  Blork the orc (D:6)
  A big kobold (D:10)
  A wyvern zombie (D:11)
  3 scorpions
  A wyvern skeleton (D:6)
  9 killer bees
  4 wights (D:14)
  4 howler monkeys
  8 jellies
  4 crimson imps
  6 centaur zombies
  2 quasits
  A giant frog skeleton (D:12)
  2 giant frog zombies
  4 centaur skeletons
  12 hounds
  19 orc priests
  Ijyb (D:3)
  15 orc wizards
  Terence (D:3)
  12 iguanas
  7 worker ants
  14 sheep
  2 hound zombies (D:11)
  2 hound skeletons
  A howler monkey zombie (D:8)
  Robin (D:2)
  14 adders
  63 river rats
  2 shadow imps
  6 oozes
  2 adder skeletons
  A worm (D:2)
  5 dart slugs
  10 giant geckos
  98 orcs
  2 ball pythons (D:2)
  4 giant cockroaches
  8 goblins
  11 hobgoblins
  12 jackals
  15 kobolds
  6 quokkas
  3 bats
  2 giant newts
  13 rats
946 creatures vanquished.

Vanquished Creatures (collateral kills)
  2 thorn hunters
  Maud (Lair:4)
  A dire elephant (Lair:8)
  A vault guard (D:13)
  6 hydras
  The ghost of kona the Quickloader, a journeyman HEHu of Zin (Lair:2)
  A tengu warrior (D:14)
  2 alligators
  A catoblepas (Lair:8)
  2 orc high priests (Orc:2)
  2 death yaks (Lair:8)
  A spriggan berserker (Swamp:1)
  A skeletal warrior (D:12)
  3 spriggan druids
  3 swamp dragons (Swamp:4)
  A phantasmal warrior (D:12)
  2 griffons (Lair:5)
  6 ugly things
  2 wolf spiders
  An orc sorcerer (Orc:2)
  A cyclops (D:12)
  5 black mambas
  3 ice statues
  A gargoyle (D:12)
  6 elephants
  A centaur skeleton (D:12)
  10 spiny frogs
  3 yaktaurs (D:15)
  An efreet (D:15)
  5 komodo dragons
  2 rime drakes
  2 jumping spiders (Spider:1)
  3 polar bears (IceCv)
  4 slime creatures
  12 blink frogs
  4 bog bodies
  A centaur simulacrum (D:15)
  5 tarantellas
  3 redbacks (Spider:2)
  17 yaks
  Grum (Lair:1)
  A basilisk (Lair:4)
  A hippogriff (Lair:8)
  7 vampire mosquitoes
  2 insubstantial wisps (Swamp:3)
  A hungry ghost (D:15)
  6 swamp worms
  Duvessa (D:6)
  4 water moccasins
  4 porcupines
  4 swamp drakes
  5 orc warriors
  2 ice beasts
  A black bear (D:8)
  A necrophage (D:7)
  3 ogres
  13 wolves
  3 wasps
  7 crocodiles
  8 giant frogs
  Dowan (D:6)
  A scorpion (D:7)
  A jelly (D:7)
  2 crimson imps
  A lava snake (D:12)
  7 orc priests
  2 iguanas
  2 orc wizards
  A worker ant (D:14)
  13 sheep
  2 hound skeletons (D:11)
  2 worker ant zombies (D:11)
  46 river rats
  An adder (D:12)
  A shadow imp (D:7)
  15 orcs
  A giant gecko skeleton (D:7)
  A quokka skeleton (D:7)
  3 fungi
  6 plants
313 creatures vanquished.

Vanquished Creatures (others)
  A polar bear (IceCv)
  4 humans (Swamp:3)
  A yak (IceCv)
  A hippogriff (Lair:1)
  A swamp worm (Swamp:3)
  2 water moccasins (Lair:1)
  A swamp drake (Swamp:4)
  A wasp (Swamp:3)
  A wolf (IceCv)
  An orc wizard (Orc:2)
  29 fungi
  19 plants
62 creatures vanquished.

Grand Total: 1321 creatures vanquished

Notes
Turn   | Place    | Note
--------------------------------------------------------------
     0 | D:1      | seren the Vampire Necromancer began the quest for the Orb.
     0 | D:1      | Reached XP level 1. HP: 13/13 MP: 3/3
   361 | D:1      | Reached XP level 2. HP: 18/19 MP: 1/5
  1000 | D:1      | Reached XP level 3. HP: 23/24 MP: 3/6
  1565 | D:2      | Reached skill level 5 in Necromancy
  2161 | D:2      | Found a basalt altar of Yredelemnul.
  2165 | D:2      | Found a burning altar of Makhleb.
  2477 | D:3      | Noticed Ijyb
  2494 | D:3      | Killed Ijyb
  2494 | D:3      | Reached XP level 4. HP: 20/30 MP: 1/8
  2648 | D:3      | Noticed an ogre
  2879 | D:3      | Reached skill level 5 in Stealth
  3250 | D:3      | Reached XP level 5. HP: 34/35 MP: 7/9
  3286 | D:3      | Noticed Terence
  3353 | D:3      | Found a snail-covered altar of Cheibriados.
  3446 | D:3      | Noticed Robin
  3485 | D:2      | Killed Robin
  4108 | D:4      | Found a staircase to the Ecumenical Temple.
  4132 | Temple   | Entered the Ecumenical Temple
  4137 | Temple   | Became a worshipper of Kikubaaqudgha
  4810 | D:4      | Found a sacrificial altar of Ru.
  4979 | D:4      | Found Cethrauz's Assorted Antiques.
  4985 | D:4      | Bought a fine wooden ring for 95 gold pieces
  4985 | D:4      | Identified the ring of Guba {rElec rPois MR+ Dex+5 Stlth+} (You bought it in a shop on level 4 of the Dungeon)
  5180 | D:4      | Found a deep blue altar of Sif Muna.
  5333 | D:4      | Reached skill level 6 in Necromancy
  5519 | D:4      | Reached XP level 6. HP: 41/41 MP: 11/11
  5598 | D:5      | Entered Level 5 of the Dungeon
  6045 | D:4      | Learned a level 3 spell: Regeneration
  6050 | D:4      | Learned a level 4 spell: Control Undead
  6413 | D:4      | Reached skill level 1 in Short Blades
  6827 | D:6      | Noticed Dowan
  6910 | D:5      | Reached skill level 1 in Fighting
  7165 | D:4      | Reached XP level 7. HP: 39/48 MP: 3/12
  7255 | D:6      | Noticed Blork the orc
  7261 | D:6      | Killed Blork the orc
  7396 | D:6      | Found a bloodstained altar of Trog.
  7400 | D:6      | Found an opulent altar of Gozag.
  7404 | D:6      | Found a glowing golden altar of the Shining One.
  7535 | D:6      | Noticed Pikel
  7762 | D:5      | Reached skill level 7 in Necromancy
  8064 | D:6      | Learned a level 4 spell: Animate Dead
  8180 | D:5      | Reached XP level 8. HP: 28/56 MP: 6/14
  8621 | D:6      | Noticed Duvessa
  8762 | D:7      | Reached * piety under Kikubaaqudgha
  8762 | D:7      | Received a gift from Kikubaaqudgha
  8763 | D:7      | Identified Kikubaaqudgha's Handbook of Sinister Rituals (Kikubaaqudgha gifted it to you on level 7 of the Dungeon)
  8883 | D:7      | Reached skill level 8 in Necromancy
  9641 | D:7      | Found a deep blue altar of Sif Muna.
  9997 | D:8      | Reached skill level 5 in Dodging
 10156 | D:8      | Found Geimeyn's Armour Shoppe.
 10170 | D:8      | Reached XP level 9. HP: 51/64 MP: 11/16
 10232 | D:8      | Reached skill level 5 in Spellcasting
 10514 | D:7      | Learned a level 3 spell: Regeneration
 10649 | D:8      | Reached skill level 9 in Necromancy
 10795 | D:8      | Found an ancient bone altar of Kikubaaqudgha.
 11017 | D:8      | Reached skill level 5 in Short Blades
 11974 | D:8      | Noticed a komodo dragon
 12217 | D:3      | Killed Terence
 12552 | D:8      | Killed a komodo dragon
 12552 | D:8      | Reached skill level 10 in Necromancy
 12655 | D:8      | Reached ** piety under Kikubaaqudgha
 12658 | D:8      | Noticed a komodo dragon
 12660 | D:8      | Killed a komodo dragon
 12760 | D:8      | Found a staircase to the Lair.
 12778 | D:8      | Reached XP level 10. HP: 54/73 MP: 18/18
 12871 | Lair:1   | Entered Level 1 of the Lair of Beasts
 12873 | Lair:1   | Noticed an eight-headed hydra
 13250 | D:9      | Noticed epen's ghost (novice OpMo)
 14772 | D:9      | Found an iron altar of Okawaru.
 14979 | D:10     | Entered Level 10 of the Dungeon
 15376 | D:10     | Noticed a gargoyle
 15586 | D:8      | Bought the +2 robe of Fallacy {rF+ Regen+} for 345 gold pieces
 15762 | D:9      | Reached skill level 5 in Fighting
 16335 | Lair:1   | Killed an eight-headed hydra
 16335 | Lair:1   | Reached skill level 11 in Necromancy
 16444 | Lair:1   | Reached *** piety under Kikubaaqudgha
 16444 | Lair:1   | Received a gift from Kikubaaqudgha
 16445 | Lair:1   | Identified Kikubaaqudgha's Tome of Sinister Rites (Kikubaaqudgha gifted it to you on level 1 of the Lair of Beasts)
 16500 | Lair:1   | Noticed a seven-headed hydra
 16552 | D:8      | Learned a level 5 spell: Agony
 16685 | Lair:1   | Noticed Grum
 16702 | D:8      | Upgraded the game from 0.18-a0-1797-gc18daef to 0.18-a0-1800-gdc7a371
 17282 | D:6      | Killed Pikel
 17378 | D:6      | Killed Duvessa
 17380 | D:6      | Killed Dowan
 18016 | D:10     | Noticed a hill giant
 18023 | D:10     | Killed a hill giant
 18023 | D:10     | Reached XP level 11. HP: 80/81 MP: 4/21
 18693 | D:10     | Noticed a purple ugly thing
 18719 | D:10     | HP: 2/81 [purple ugly thing (15)]
 19033 | Lair:1   | Killed a seven-headed hydra
 19042 | Lair:1   | Killed Grum
 19608 | Lair:1   | Reached skill level 12 in Necromancy
 20891 | Lair:2   | Noticed an eight-headed hydra
 21059 | Lair:1   | Learned a level 5 spell: Bolt of Draining
 21144 | Lair:2   | Noticed kona's ghost (journeyman HEHu)
 22448 | Lair:2   | Killed kona's ghost
 22448 | Lair:2   | Reached skill level 1 in Conjurations
 22815 | Lair:2   | Noticed a seven-headed hydra
 23524 | Lair:3   | Found a labyrinth entrance.
 23716 | Lair:3   | Reached XP level 12. HP: 70/89 MP: 5/23
 24087 | Lair:3   | Reached **** piety under Kikubaaqudgha
 24712 | Lair:3   | Noticed a four-headed hydra
 24719 | Lair:3   | Killed a four-headed hydra
 25084 | Lair:4   | Found a hole to the Spider Nest.
 25319 | Lair:4   | Noticed Maud
 25343 | Lair:4   | Killed Maud
 25625 | Lair:4   | Noticed a four-headed hydra
 25631 | Lair:4   | Killed a four-headed hydra
 26183 | Lair:4   | Upgraded the game from 0.18-a0-1800-gdc7a371 to 0.18-a0-1805-g8ab820f
 26297 | Lair:5   | Reached skill level 13 in Necromancy
 28009 | Lair:5   | Reached ***** piety under Kikubaaqudgha
 28763 | Lair:6   | Found a staircase to the Swamp.
 29072 | Lair:6   | Found a staircase to the Slime Pits.
 29607 | Lair:6   | Reached XP level 13. HP: 98/98 MP: 14/25
 30636 | Lair:7   | Reached skill level 10 in Stealth
 30656 | Lair:7   | Reached skill level 10 in Short Blades
 30656 | Lair:7   | Reached skill level 10 in Dodging
 31555 | Lair:8   | Entered Level 8 of the Lair of Beasts
 31778 | Lair:8   | Got a pitted copper ring
 31809 | Lair:8   | Identified the ring of Jeyddih {Ice rElec MP+9 Str-4 Stlth+} (You found it on level 8 of the Lair of Beasts)
 32338 | Lair:7   | Reached skill level 1 in Shields
 33151 | Lair:8   | Noticed a dire elephant
 34237 | Lair:8   | Got a dazzling leather armour
 34248 | Lair:8   | Identified the cursed +0 leather armour of Lethargy {-Cast Int+8 Stlth+} (You found it on level 8 of the Lair of Beasts)
 34410 | Lair:8   | Reached skill level 14 in Necromancy
 34811 | Lair:8   | Killed a dire elephant
 34997 | Lair:8   | Identified a scroll of acquirement
 35055 | Lair:7   | Reached ****** piety under Kikubaaqudgha
 35293 | D:8      | Identified a +7 dagger of pain (a +5 dagger of speed bloodied by Kikubaaqudgha)
 35293 | D:8      | Received a gift from Kikubaaqudgha
 35356 | Lair:1   | Upgraded the game from 0.18-a0-1805-g8ab820f to 0.19-a0
 35396 | Lair:1   | Learned a level 5 spell: Dispel Undead
 35505 | D:9      | Killed epen's ghost
 35505 | D:9      | Reached XP level 14. HP: 108/108 MP: 16/27
 36283 | D:11     | Reached skill level 1 in Armour
 36426 | D:11     | Found a basalt altar of Yredelemnul.
 36548 | D:11     | Reached skill level 10 in Spellcasting
 37766 | D:12     | Found a staircase to the Orcish Mines.
 37898 | D:12     | Noticed barb4r1an's ghost (journeyman DsGl)
 37931 | D:12     | Killed barb4r1an's ghost
 37931 | D:12     | Reached skill level 1 in Long Blades
 38261 | D:12     | Reached skill level 1 in Evocations
 38811 | D:12     | Found an opulent altar of Gozag.
 40283 | D:14     | Found a gate to the Vaults.
 40332 | D:13     | Reached skill level 10 in Fighting
 40809 | Orc:1    | Entered Level 1 of the Orcish Mines
 40899 | Orc:1    | Noticed an orc warlord
 41804 | D:14     | Reached XP level 15. HP: 77/115 MP: 16/29
 42899 | D:14     | Found Gozag's Platinum Reserve.
 42901 | D:14     | Found an opulent altar of Gozag.
 43005 | D:14     | Reached skill level 15 in Necromancy
 43591 | D:15     | Entered Level 15 of the Dungeon
 43632 | D:15     | Found Soepafae's Magic Scroll Shoppe.
 43692 | D:15     | Bought a scroll of blinking for 105 gold pieces
 43756 | D:15     | Found a frozen archway.
 43883 | IceCv    | Entered an ice cave
 44236 | IceCv    | Reached skill level 5 in Long Blades
 44320 | IceCv    | Reached skill level 5 in Armour
 44409 | IceCv    | Noticed a frost giant
 44445 | IceCv    | Killed a frost giant
 44853 | Lair:1   | Upgraded the game from 0.19-a0 to 0.19-a0-19-gf75ed07
 45076 | Swamp:1  | Entered Level 1 of the Swamp
 47410 | Swamp:2  | Reached XP level 16. HP: 118/123 MP: 17/30
 47645 | Swamp:3  | Noticed Kirke
 47650 | Swamp:3  | Killed Kirke
 47748 | Swamp:3  | Got a bloodstained whip
 47749 | Swamp:3  | Identified the +8 whip "Zugannaj" {holy, Dex+3} (You found it on level 3 of the Swamp)
 47907 | Swamp:3  | Reached skill level 1 in Charms
 48230 | Swamp:3  | Found a glowing golden altar of the Shining One.
 48562 | Swamp:3  | Noticed a thorn hunter
 48671 | Swamp:3  | Killed a thorn hunter
 49826 | Orc:1    | Found Jayl's Book Boutique.
 49965 | Orc:1    | Noticed Nergalle
 50328 | D:12     | Upgraded the game from 0.19-a0-19-gf75ed07 to 0.19-a0-27-g415f530
 50343 | Orc:1    | Killed Nergalle
 50422 | Orc:1    | Found a roughly hewn altar of Beogh.
 50525 | Orc:2    | Entered Level 2 of the Orcish Mines
 50761 | Orc:2    | Noticed Donald
 50768 | Orc:2    | Found a staircase to the Elven Halls.
 50774 | Orc:2    | Killed Donald
 51236 | Orc:2    | Found Plog's Antique Armour Boutique.
 51383 | Orc:2    | Reached skill level 16 in Necromancy
 51780 | Orc:2    | Found Ysaxafuq's Antique Weapon Boutique.
 51781 | Orc:2    | Found Qeredghor's Gadget Emporium.
 51781 | Orc:2    | Found Afupp's Antique Armour Emporium.
 51865 | Orc:2    | Bought a runed cloak for 130 gold pieces
 52687 | Orc:1    | Bought a book of Spatial Translocations for 1105 gold pieces
 52690 | Orc:1    | Learned a level 2 spell: Blink
 53073 | Swamp:4  | Entered Level 4 of the Swamp
 53097 | Swamp:4  | Noticed a thorn hunter
 53113 | Swamp:4  | Killed a thorn hunter
 53589 | Swamp:4  | Reached skill level 1 in Translocations
 54042 | Swamp:4  | Upgraded the game from 0.19-a0-27-g415f530 to 0.19-a0-32-gbfd796a
 54962 | Swamp:4  | Reached XP level 17. HP: 131/131 MP: 20/31
 55098 | Swamp:4  | Got a decaying rune of Zot
 55689 | Spider:1 | Entered Level 1 of the Spider Nest
 55821 | Spider:1 | Identified a -1 rod of inaccuracy (10/10) (You found it on level 1 of the Spider Nest)
 56820 | Spider:2 | Noticed Norris
 56831 | Spider:2 | Mangled by a wolf spider

Vault maps used:
D:1:      scummos_arrival_simple_crosswalls
D:2:      gammafunk_temple_overflow_statue, first_bread
D:3:      lemuel_doored_altar, uniq_iyjb, uniq_robin, uniq_terence
D:4:      kennysheep_mini, temple_pool_a, serial_shops, nicolae_shop_crystal,
          hangedman_ru_absence
D:5:      uniq_eustachio
D:6:      grunt_temple_overflow_diamond, minmay_small_thing, uniq_duvessa,
          uniq_pikel, uniq_blork_the_orc
D:7:      kennysheep_orc_sif_temple
D:8:      hangedman_cross_stitches, erik_lair_dragon, basic_altar, serial_shops,
          nicolae_shop_trees, hangedman_little_slice_of_home
D:9:      okawaru_ov_weapons_minmay
D:11:     cheibrodos_lost_city_excavation, basic_altar
D:12:     wad_pebble_path, hiddenorc1_lemuel, basic_altar
D:14:     minmay_ice_pillars, lightli_vaults_fourway_checkpoint,
          nicolae_gozag_zags_fifth_avenue
D:15:     gammafunk_enter_depths_forms, portal_ice_cave_entry_ice_statue_02,
          serial_shops, nicolae_shop_temple_entry_statues_fountains,
          hangedman_decor_diamond_cutter, uniq_roxanne
Temple:   triangle_lava_temple_12
Lair:1:   st_stairs_3, lemuel_old_faithful, uniq_grum
Lair:2:   minivault_11, beast_lair_carwin_2, grunt_megastairs_3,
          lemuel_fruit_tree
Lair:3:   lab_entry_generic, st_stairs_13
Lair:4:   dummy_spider_entry, uniq_maud
Lair:5:   st_stairs_10
Lair:6:   swamp_mist, dpeg_slime_entry_corner, st_stairs_13, ldierk_geyser
Lair:7:   grunt_megastairs_2
Lair:8:   grunt_lair_end_beastmaster, serial_bayou_shore_a, grunt_megastairs_4
Swamp:1:  cheibrodos_swamp_heart_of_darkness, evilmike_swamp_ruin_rubble_2
Swamp:2:  serial_swamp_ruin, evilmike_swamp_ruin_house_3,
          evilmike_swamp_ruin_house_6, evilmike_swamp_ruin_house_4, swamp_pool1,
          ldierk_geyser, infiniplex_staircase_pool
Swamp:3:  basic_altar, swamp_pool5, uniq_kirke
Swamp:4:  swamp_alternative, swamp_pool2
Spider:1: nicolae_spider_circle_web
Spider:2: uniq_arachne, uniq_norris
Orc:1:    basic_altar, serial_shops, shop, uniq_nergalle
Orc:2:    st_orc_elflike, uniq_donald
IceCv:    ice_cave_caverns_02

Skill      XL: |  1  2  3  4  5  6  7  8  9 10 11 12 13 14 15 16 |
---------------+-------------------------------------------------+-----
Necromancy     | 5 6 7 8 10 11 12 13 14 15 16 | 16.5
Stealth        | 4 5 6 9 10 12 | 12.6
Spellcasting   | 3 4 5 6 7 8 9 10 | 10.5
Short Blades   | 1 3 4 5 7 8 9 10 | 10.0
Fighting       | 1 2 3 4 5 6 8 9 10 11 | 11.4
Dodging        | 3 5 6 7 8 9 11 12 13 14 | 14.2
Conjurations   | 2 |  2.6
Shields        | 3 4 |  4.1
Armour         | 3 6 |  6.0
Long Blades    | 3 6 8 |  8.6
Evocations     | 3 4 |  4.0
Charms         | 4 |  4.0
Translocations | 1 |  1.3

Action                   |  1- 3 |  4- 6 |  7- 9 | 10-12 | 13-15 | 16-18 || total
-------------------------+-------+-------+-------+-------+-------+-------++-------
Melee: Unarmed           |     3 |       |       |       |       |       ||     3
       Whip              |     6 |       |       |       |       |       ||     6
       Short sword       |    24 |       |       |       |       |       ||    24
       Dagger            |    19 |   143 |   214 |  1142 |  1329 |   586 ||  3433
       Bite              |     3 |    19 |    27 |   186 |   203 |   111 ||   549
       Staff             |       |       |       |       |     6 |       ||     6
       Rapier            |       |       |       |       |    81 |       ||    81
       Long sword        |       |       |       |       |   112 |   163 ||   275
       Scimitar          |       |       |       |       |     9 |     3 ||    12
Throw: Tomahawk          |       |       |     3 |     3 |       |       ||     6
 Cast: Pain              |    65 |    92 |   177 |   111 |     6 |       ||   451
       Regeneration      |       |     7 |    36 |    50 |    64 |    40 ||   197
       Control Undead    |       |     6 |     4 |     1 |     1 |       ||    12
       Animate Dead      |       |       |    12 |    94 |   129 |    70 ||   305
       Agony             |       |       |       |   142 |   115 |    56 ||   313
       Bolt of Draining  |       |       |       |     8 |    74 |    36 ||   118
       Dispel Undead     |       |       |       |       |    34 |     7 ||    41
       Blink             |       |       |       |       |       |     6 ||     6
Invok: Receive Corpses   |       |       |     3 |    21 |    25 |    23 ||    72
       Brand Weapon With |       |       |       |       |     1 |       ||     1
 Abil: End Transformatio |       |     1 |     4 |     8 |     5 |     1 ||    19
       Bat Form          |       |     1 |     4 |     8 |     5 |     1 ||    19
Evoke: Wand              |       |       |       |     1 |     3 |     1 ||     5
  Use: Potion            |     4 |    12 |    11 |    27 |    33 |    16 ||   103
       Scroll            |       |     3 |    11 |    24 |    15 |     8 ||    61
 Stab: Sleeping          |     9 |    10 |    25 |    29 |    42 |    22 ||   137
       Distracted        |       |       |     2 |    10 |    21 |    16 ||    49
Armor: Robe              |     7 |    84 |    20 |    92 |   133 |    43 ||   379
Dodge: Dodged            |    35 |   175 |   145 |   658 |   954 |   580 ||  2547
Block: Buckler           |       |       |       |       |   183 |   186 ||   369
